 Dungeon Crawl Stone Soup version 0.25.1-2-g60ff931df9 (webtiles) character file.

Game seed: 6973467661541169479

493 BledDest the Tainter (level 7, -3/41 HPs)
             Began as an Octopode Venom Mage on Aug 1, 2020.
             Was a Follower of Nemelex Xobeh.
             Slain by Duvessa
             ... wielding a +0 short sword
              (15 damage)
             ... on level 4 of the Dungeon.
             The game lasted 00:15:28 (4740 turns).

BledDest the Tainter (Octopode Venom Mage)          Turns: 4740, Time: 00:15:29

Health: -3/41      AC:  1    Str:  7    XL:     7   Next: 15%
Magic:  0/9        EV: 13    Int: 20    God:    Nemelex Xobeh [*.....]
Gold:   135        SH:  5    Dex: 12    Spells: 1/10 levels left

rFire    . . .     SeeInvis .   x - +1 hand axe (venom)
rCold    + . .     Gourm    .   (no shield)
rNeg     . . .     Faith    .   (helmet restricted)
rPois    .         Spirit   .   g - amulet of reflection
rElec    .         Reflect  +   (no ring)
rCorr    .         Harm     .   (no ring)
MR       .....                  (no ring)
Stlth    +++.......             (no ring)
HPRegen  0.13/turn              (no ring)
MPRegen  0.11/turn              (no ring)
                                (no ring)
                                (no ring)

@: no status effects
A: almost no armour, stealthy swim, amphibious, 8 rings, constrict 8, camouflage
1, cold resistance 1, low mp 1, gelatinous body 1
a: Draw Escape, Draw Destruction, Draw Summoning, Renounce Religion


You were on level 4 of the Dungeon.
You worshipped Nemelex Xobeh.
Nemelex Xobeh was aware of your devotion.
You were not hungry.

You visited 1 branch of the dungeon, and saw 4 of its levels.

You collected 135 gold pieces.

Inventory:

Hand Weapons
 o - a +3 club
 x - a +1 hand axe of venom (weapon)
Missiles
 f - 186 stones (quivered)
 p - 8 poisoned darts
Jewellery
 c - an uncursed ring of fire
 g - an amulet of reflection (around mantle)
 l - an uncursed amulet of the acrobat
Wands
 m - a wand of digging (4)
 w - a wand of iceblast (5)
Scrolls
 e - 2 scrolls of amnesia
 h - 4 scrolls of remove curse
 j - 3 scrolls of teleportation
 r - 2 scrolls of noise {unknown}
 t - a scroll of identify
 u - a scroll of blinking {unknown}
Potions
 d - a potion of brilliance
 i - a potion of haste {unknown}
 n - a potion of stabbing
 q - a potion of curing
 v - a potion of magic {unknown}
Comestibles
 b - 5 rations


   Skills:
 - Level 2.0 Dodging
 - Level 2.6 Stealth
 - Level 2.0 Spellcasting
 - Level 1.0 Transmutations
 + Level 9.5 Poison Magic


You had one spell level left.
You knew the following spells:

 Your Spells              Type           Power        Failure   Level  Hunger
a - Sting                 Tmut/Pois      ###.         1%          1    #......
b - Poisonous Vapours     Pois/Air       ###...       3%          2    ##.....
c - Mephitic Cloud        Conj/Pois/Air  ##......     13%         3    ###....
d - Ignite Poison         Fire/Tmut/Pois ###.....     11%         3    ###....

Your spell library contained the following spells:

 Spells                   Type           Power        Failure   Level  Hunger
 Olgreb's Toxic Radiance  Pois           #####...     3%          4    #####..


Dungeon Overview and Level Annotations

Branches:
Dungeon (4/15)
 Temple: D:4-7

Altars:
Nemelex Xobeh
Uskayaw

Annotations:
D:4 1 runed translucent door, Duvessa; kikerikii's ghost, journeyman HaWr


Innate Abilities, Weirdness & Mutations

You cannot wear most types of armour.
You are very stealthy in the water. (Stealth+)
You are amphibious.
You can wear up to eight rings at the same time.
You can use your tentacles to constrict eight enemies at once.
Your skin changes colour to match your surroundings (Stealth+).
Your rubbery body absorbs attacks. (AC +1, EV +1)
Your flesh is cold resistant. (rC+)
Your magical capacity is low. (-10% MP)


Message History

Aim: Duvessa, wielding a +0 short sword and wearing a +0 scale mail (lightly wounded, berserk, confused, very poisoned)
The sting hits Duvessa.
Duvessa looks even sicker.
Duvessa is lightly wounded.
Duvessa rages.
Things that are here:
a +0 whip; a cursed +0 robe Duvessa hits you with a +0 short sword!
Duvessa hits you with a +0 short sword.
You hit Duvessa but do no damage.
Duvessa looks as sick as possible!
You grab Duvessa.
Duvessa is moderately wounded.
You constrict Duvessa, but do no damage.
Duvessa hits you with a +0 short sword.
* * * LOW HITPOINT WARNING * * *
You catch the helpless Duvessa completely off-guard!
You hit Duvessa but do no damage.
Duvessa looks as sick as possible!
Duvessa is moderately wounded.
You constrict Duvessa. You block Duvessa's attack.
Duvessa hits you with a +0 short sword!
You die...
Your body disappears without a glow.

.........#.#.#.###
.#.#
##.#.#.#.#.......#
.#.#
.##........#.#.#.#.#
...# ..#.#.#.#.....#.#
...# .[.......#####.#
...# ##.#.#.#.#.....#
...# #.......##...###
.#.###.###.#.#.#e'...#
.#.....##.......@#...#
e..## ##.#.#.#)#...#
..e.#####............#
###......#.#.#<#....##
#..####.....[.....#
#......#.#.#.#######
##.#.#.............#
.###.#.###.#.#.#.....#
.....................#


You could see Duvessa (berserk, confused, extremely poisoned).

Vanquished Creatures
  Dowan (D:4)
  A howler monkey (D:4)
  An orc priest (D:3)
  Jessica (D:2)
  Ijyb (D:3)
  Natasha (thrice) (D:2)
  Terence (D:3)
  2 worker ants
  Robin (D:2)
  A gnoll (D:4)
  7 adders
  A worm (D:3)
  2 dart slugs
  A leopard gecko (D:3)
  10 orcs
  3 giant cockroaches
  10 goblins
  5 hobgoblins
  10 jackals
  7 kobolds
  2 quokkas
  3 ball pythons
  7 bats
  2 frilled lizards
  2 rats (D:1)
85 creatures vanquished.

Notes
Turn   | Place    | Note
-------+----------+-------------------------------------------
     0 | D:1      | BledDest the Octopode Venom Mage began the quest for the
                  | Orb.
     0 | D:1      | Reached XP level 1. HP: 11/11 MP: 3/3
    91 | D:1      | Reached skill level 4 in Poison Magic
   247 | D:1      | Reached XP level 2. HP: 17/17 MP: 1/5
   358 | D:1      | Learned a level 2 spell: Poisonous Vapours
   541 | D:1      | Reached XP level 3. HP: 21/21 MP: 1/6
   544 | D:1      | Reached skill level 5 in Poison Magic
   725 | D:1      | Learned a level 3 spell: Mephitic Cloud
   772 | D:1      | Found a sparkling altar of Nemelex Xobeh.
   785 | D:1      | Became a worshipper of Nemelex Xobeh the Trickster
   955 | D:2      | Found a hide-covered altar of Uskayaw.
  1091 | D:2      | Noticed Natasha
  1101 | D:2      | Killed Natasha
  1101 | D:2      | Reached XP level 4. HP: 27/27 MP: 4/7
  1156 | D:2      | Received a gift from Nemelex Xobeh
  1393 | D:2      | Noticed Jessica
  1401 | D:2      | Killed Jessica
  1401 | D:2      | Reached skill level 6 in Poison Magic
  1553 | D:2      | Noticed Robin
  1564 | D:2      | Killed Robin
  1978 | D:2      | Reached XP level 5. HP: 27/31 MP: 6/8
  2136 | D:2      | Noticed Natasha
  2147 | D:2      | Killed Natasha
  2147 | D:2      | Reached skill level 7 in Poison Magic
  2318 | D:2      | Found a hide-covered altar of Uskayaw.
  2417 | D:2      | Noticed Natasha
  2424 | D:2      | Killed Natasha
  2789 | D:3      | Received a gift from Nemelex Xobeh
  2794 | D:3      | Reached * piety under Nemelex Xobeh
  3085 | D:3      | Noticed Terence
  3098 | D:3      | Killed Terence
  3098 | D:3      | Reached skill level 8 in Poison Magic
  3098 | D:3      | Reached XP level 6. HP: 34/36 MP: 0/9
  3294 | D:3      | Noticed Ijyb
  3301 | D:3      | Killed Ijyb
  3895 | D:3      | Found a sparkling altar of Nemelex Xobeh.
  3970 | D:3      | Learned a level 3 spell: Ignite Poison
  4028 | D:3      | Gained mutation: You have a pair of small antennae on your
                  | head. [potion of mutation]
  4028 | D:3      | Gained mutation: Your magical capacity is low. (-10% MP)
                  | [potion of mutation]
  4028 | D:3      | Lost mutation: You have a pair of small antennae on your
                  | head. [potion of mutation]
  4028 | D:3      | Gained mutation: Your flesh is cold resistant. (rC+)
                  | [potion of mutation]
  4035 | D:3      | HP: 2/54 [worker ant (4)]
  4043 | D:3      | HP: 2/54 [poisoned by an adder]
  4361 | D:4      | Reached skill level 9 in Poison Magic
  4368 | D:4      | Reached XP level 7. HP: 17/41 MP: 9/9
  4562 | D:4      | Found a runed translucent door.
  4564 | D:4      | Noticed kikerikii's ghost (journeyman HaWr)
  4649 | D:4      | Noticed Dowan
  4654 | D:4      | Noticed Duvessa
  4725 | D:4      | Killed Dowan
  4740 | D:4      | Slain by Duvessa

Illustrated notes

Levels and vault maps discovered:
D:1:      ncdulo_lavacross, layout_rooms, minmay_liquid_box,
          minmay_tree_intersection, nemelex_altar_shiori
D:2:      layout_basic, nicolae_overflow_crystal_walls, first_ration,
          uniq_robin, uniq_jessica, uniq_natasha
D:3:      layout_loops_corners, nemelex_diamond_rough_becter, uniq_terence,
          uniq_ijyb
D:4:      layout_basic, ebering_ghost_reflecting_pool, st_stairs_12,
          uniq_duvessa

Skill      XL: |  1  2  3  4  5  6 |
---------------+-------------------+-----
Poison Magic   | 4 5 6 8 9 |  9.5
Dodging        | |  2.0
Stealth        | |  2.6
Spellcasting   | |  2.0
Transmutations | |  1.0

Action                   |  1- 3 |  4- 6 |  7- 9 || total
-------------------------+-------+-------+-------++-------
Melee: Unarmed           |    31 |     8 |     7 ||    46
       Constrict         |    10 |    29 |     2 ||    41
       Tentacles         |     3 |    12 |     1 ||    16
       Club              |       |    83 |       ||    83
       Hand axe          |       |    29 |     6 ||    35
 Cast: Sting             |    33 |    15 |     8 ||    56
       Poisonous Vapours |       |     7 |     1 ||     8
       Mephitic Cloud    |       |     2 |     3 ||     5
       Ignite Poison     |       |       |     1 ||     1
  Use: Scroll            |       |     6 |       ||     6
       Potion            |       |     2 |       ||     2
 Stab: Sleeping          |     2 |     5 |       ||     7
       Confused          |       |       |     2 ||     2
  Eat: Chunk             |     1 |    11 |       ||    12
       Ration            |       |       |     1 ||     1
Armor: Skin              |     3 |    14 |       ||    17
Dodge: Dodged            |    29 |    72 |     3 ||   104
Block: Other             |     2 |    42 |     3 ||    47
